 Dungeon Crawl Stone Soup version 0.22-a0-558-gc224181 (webtiles) character file.

312 Amnesiac the Charlatan (level 6, -2/30 HPs)
             Began as a Spriggan Artificer on June 27, 2018.
             Killed by divine providence
             ... invoked by an orc priest
              (15 damage)
             ... on level 5 of the Dungeon.
             The game lasted 00:04:27 (3290 turns).

Amnesiac the Charlatan (Spriggan Artificer)         Turns: 3290, Time: 00:04:28

Health: -2/30      AC:  2    Str: 10    XL:     6   Next: 18%
Magic:  11/11      EV: 20    Int: 13    God:
Gold:   145        SH:  0    Dex: 16    Spells: 5/5 levels left

rFire    . . .     SeeInvis +   b - +0 hunting sling
rCold    . . .     Gourm    .   (shield restricted)
rNeg     . . .     Faith    .   r - +0 robe
rPois    .         Spirit   .   (helmet restricted)
rElec    .         Reflect  .   (no cloak)
rCorr    .         Harm     .   (gloves unavailable)
MR       +....                  (boots unavailable)
Stlth    +++.......             (no amulet)
HPRegen  0.10/turn              (no ring)
MPRegen  0.12/turn              (no ring)

@: very quick
A: very small, unfitting armour, see invisible, herbivore, speed 3, slow
metabolism 2
a: no special abilities


You were on level 5 of the Dungeon.
You were not hungry.

You visited 1 branch of the dungeon, and saw 5 of its levels.

You collected 145 gold pieces.

Inventory:

Hand Weapons
 a - a +0 short sword
 b - a +0 hunting sling (weapon)
Missiles
 s - 94 stones (quivered)
Armour
 r - a +0 robe (worn)
Wands
 c - a wand of flame (4)
 d - a wand of enslavement (15)
 e - a wand of random effects (1)
Scrolls
 j - 2 scrolls of fog {!r, unknown}
 k - a scroll of magic mapping {!r, unknown}
 l - 4 scrolls of teleportation {!r, unknown}
 m - 2 scrolls of identify {!r, unknown}
 o - 3 scrolls of remove curse {!r, unknown}
 q - 2 scrolls of amnesia {!r, unknown}
Potions
 g - 3 potions of heal wounds {!q, unknown}
 h - a potion of cancellation {!q, unknown}
 i - 2 potions of curing {!q, unknown}
 n - a potion of resistance {!q, unknown}
 p - a potion of berserk rage {!q, unknown}
Comestibles
 f - 5 rations


   Skills:
 - Level 1.0 Fighting
 * Level 4.1 Short Blades
 + Level 4.4 Dodging
 + Level 4.1 Stealth
 + Level 6.1 Evocations


You had 5 spell levels left.
You didn't know any spells.
Your spell library was empty.

Dungeon Overview and Level Annotations

Branches:
Dungeon (5/15)
 Temple: D:4-7

Altars:
Cheibriados

Annotations:
D:5 exclusion: ogre


Innate Abilities, Weirdness & Mutations

You are very small and have problems with some larger weapons.
You are too small for most types of armour.
You have supernaturally acute eyesight. (SInv)
You are a herbivore.
You cover ground extremely quickly.
You need to consume almost no food.


Message History

Firing (i - inventory)
s - 101 stones (quivered)
Press: ? - help, Shift-Dir - straight line, f/p - orc
Aim: an orc, wielding a war axe (heavily wounded)
You shoot a stone. The stone barely misses the orc.
Firing (i - inventory)
s - 100 stones (quivered)
Press: ? - help, Shift-Dir - straight line, f/p - orc
Aim: an orc, wielding a war axe (heavily wounded)
You shoot a stone. The stone barely misses the orc.
Firing (i - inventory)
s - 99 stones (quivered)
Press: ? - help, Shift-Dir - straight line, f/p - orc
Aim: an orc, wielding a war axe (heavily wounded)
You shoot a stone. The stone hits the orc.
You kill the orc!
No target in view!
No target in view!
An orc comes into view. It is wielding a club.
Things that are here:
a stone; a war axe; an orc corpse An orc is nearby!
Firing (i - inventory)
s - 98 stones (quivered)
Press: ? - help, Shift-Dir - straight line, f - orc
Aim: an orc, wielding a club (hasn't noticed you)
You shoot a stone. The orc shouts!
The stone hits the orc.
The orc is lightly wounded.
You hear a shout!
Firing (i - inventory)
s - 97 stones (quivered)
Press: ? - help, Shift-Dir - straight line, f/p - orc
Aim: an orc, wielding a club (lightly wounded)
You shoot a stone. The stone hits the orc!
You kill the orc!
No target in view!
No target in view!
No target in view!
s - 97 stones (gained 1)
Things that are here:
a war axe; an orc corpse An orc comes into view.
It is wielding a flail.
There are monsters nearby!
Firing (i - inventory)
s - 97 stones (quivered)
Press: ? - help, Shift-Dir - straight line, f - orc
Aim: an orc, wielding a flail You shoot a stone.
The stone barely misses the orc.
The stone barely misses the ogre.
An orc priest comes into view.
Firing (i - inventory)
s - 96 stones (quivered)
Press: ? - help, Shift-Dir - straight line, f/p - orc
Aim: an orc, wielding a flail You shoot a stone.
The stone closely misses the orc.
Firing (i - inventory)
s - 95 stones (quivered)
Press: ? - help, Shift-Dir - straight line, f/p - orc
Aim: an orc, wielding a flail You shoot a stone.
The stone closely misses the orc.
The orc priest mumbles some strange prayers to Beogh against you.
Beogh smites you!
Ouch! That really hurt!
* * * LOW HITPOINT WARNING * * *
Things that are here:
a war axe; an orc corpse The orc priest calls down the wrath of Beogh upon you.
Beogh smites you!
Ouch! That really hurt!
You die...

...<#######.# #.##########.
###### #.# #.#..#.....#. .....#
#.# #.#..#.###.#. ####.# #.#
#.#..#.# #.#. ..##.# #.# #.#..#.#
#.#. #.##.#
###.#########.#..#.###.#. #.##.#
#......................#.
#.##.####.....#######.####.#####.
................@).o.(.o....>....
#.##.####.....#######O((##.#.####
#.##.# #..[..#######...##.#.####
#.##.# #.....##...........#.....
#.##.# #.....##...........#.....
#....# #.....##..........(#.....
###).# #.....##...........#.....
###..# #..)[.##....$......#.....
.....# ####[###.........O.#.....


You could see an ogre, an orc priest and an orc.

Vanquished Creatures
  A centaur (D:5)
  A howler monkey (D:5)
  A jelly (D:5)
  2 orc wizards (D:5)
  2 worker ants (D:5)
  4 adders
  An ooze (D:2)
  An adder zombie (D:5)
  An adder skeleton (D:5)
  A worm (D:5)
  6 orcs (D:5)
  A hobgoblin (D:2)
  A quokka (D:5)
  A kobold (D:2)
24 creatures vanquished.

Notes
Turn   | Place    | Note
-------+----------+-------------------------------------------
     0 | D:1      | Amnesiac the Spriggan Artificer began the quest for the Orb.
     0 | D:1      | Reached XP level 1. HP: 9/9 MP: 4/4
   281 | D:2      | Reached skill level 1 in Fighting
   493 | D:4      | Found a snail-covered altar of Cheibriados.
   508 | D:4      | Reached XP level 2. HP: 14/14 MP: 6/6
   518 | D:4      | Reached skill level 5 in Evocations
   894 | D:4      | Reached XP level 3. HP: 14/18 MP: 7/7
  1570 | D:5      | Entered Level 5 of the Dungeon
  1570 | D:5      | Noticed an ogre
  1921 | D:5      | Reached XP level 4. HP: 16/22 MP: 9/9
  2118 | D:5      | Reached XP level 5. HP: 21/25 MP: 10/10
  2501 | D:5      | Noticed a centaur
  2510 | D:5      | Killed a centaur
  2510 | D:5      | Reached skill level 6 in Evocations
  2510 | D:5      | Reached XP level 6. HP: 22/30 MP: 11/11
  3290 | D:5      | Killed from afar by an orc priest

Vault maps used:
D:1:      lemuel_arrival_river_ford
D:2:      zin_purify, palyth_stone_intersect
D:4:      lemuel_round_altar, first_ration

Skill      XL: |  1  2  3  4  5 |
---------------+----------------+-----
Fighting       | 1 |  1.0
Stealth        | 2 3 4 |  4.1
Evocations     | 5 6 |  6.1
Short Blades   | 2 3 4 |  4.1
Dodging        | 4 |  4.4

Action                   |  1- 3 |  4- 6 || total
-------------------------+-------+-------++-------
Melee: Short sword       |    60 |    46 ||   106
 Fire: Hunting sling     |       |    12 ||    12
Evoke: Wand              |     5 |    20 ||    25
 Stab: Distracted        |     1 |       ||     1
Armor: Robe              |     2 |     3 ||     5
Dodge: Dodged            |    35 |    41 ||    76

Table legend:
 A = Spawn XP
 B = Non-spawn XP
 C = Spawn XP percentage of total XP
 D = Spawn monster count
 E = Non-spawn monster count
 F = Spawn count percentage of total count
 G = Total turns spent on level
                    A         B        C        D         E        F      G
               +---------+---------+-------+---------+---------+-------+---------
         Total |       0 |     447 |   0.0 |       0 |      24 |   0.0 |  3290
               +---------+---------+-------+---------+---------+-------+---------
           D:2 |       0 |      10 |   0.0 |       0 |       3 |   0.0 |   395
           D:4 |       0 |      39 |   0.0 |       0 |       3 |   0.0 |  1130
           D:5 |       0 |     398 |   0.0 |       0 |      18 |   0.0 |  1511
               +---------+---------+-------+---------+---------+-------+---------
